 Dungeon Crawl Stone Soup version 0.29.1-2-gbd0b4ee654 (webtiles) character file.

Game seed: 12549201110704504294

79 styxcanada the Sneak (level 4, -3/23 HPs)
             Began as a Spriggan Brigand on Oct 31, 2022.
             Killed by divine providence
             ... invoked by an orc priest
              (9 damage)
             ... on level 3 of the Dungeon.
             The game lasted 00:07:25 (1871 turns).

styxcanada the Sneak (Spriggan Brigand)             Turns: 1871, Time: 00:07:26

Health: -3/23      AC:  3    Str:  7    XL:     4   Next: 17%
Magic:  7/7        EV: 17    Int: 12    God:
Gold:   46         SH:  0    Dex: 18    Spells: 5/5 levels left

rFire   . . .      SeeInvis +   a - +2 dagger
rCold   . . .      Faith    .   (no shield)
rNeg    . . .      Spirit   .   b - +0 robe
rPois   .          Reflect  .   (helmet restricted)
rElec   .          Harm     .   c - +0 cloak
rCorr   .          Rampage  .   (gloves unavailable)
Will    .....                   (boots unavailable)
Stlth   ++++......              (no amulet)
HPRegen 0.07/turn               (no ring)
MPRegen 0.10/turn               (no ring)

@: very quick
A: very small, no large weapons, unfitting armour, see invisible, speed 3
a: no special abilities


You were on level 3 of the Dungeon.
You visited 1 branch of the dungeon, and saw 3 of its levels.

You collected 46 gold pieces.

Inventory:

Hand Weapons
 a - a +2 dagger (weapon)
 j - a +0 sling
Missiles
 e - 3 curare-tipped darts (quivered)
 k - 23 stones
Armour
 b - a +0 robe (worn)
 c - a +0 cloak (worn)
Jewellery
 g - a ring of poison resistance
Scrolls
 f - a scroll of poison {unknown}
 h - 2 scrolls of noise {unknown}
 i - a scroll of immolation {unknown}
 m - 2 scrolls of teleportation {unknown}
 q - 3 scrolls of identify {unknown}
Potions
 l - 2 potions of degeneration {unknown}
 n - a potion of mutation {unknown}
 o - a potion of lignification {unknown}
 p - 3 potions of haste {unknown}
 r - a potion of flight {unknown}
 s - a potion of curing
 t - a potion of brilliance {unknown}
 u - a potion of might {unknown}


   Skills:
 * Level 1.9 Fighting
 + Level 2.6 Short Blades
 + Level 2.2 Throwing
 * Level 1.9 Dodging
 * Level 7.3 Stealth
 * Level 1.4 Spellcasting


You had 5 spell levels left.
You didn't know any spells.
Your spell library contained the following spells:

 Spells                   Type           Power      Damage    Failure   Level
 Foxfire                  Conj/Fire      0%         2x1d4     28%         1
 Call Canine Familiar     Summ           0%         N/A       65%         3
 Conjure Flame            Conj/Fire      0%         6-21      65%         3
 Inner Flame              Hex/Fire       0%         N/A       65%         3
 Portal Projectile        Hex/Tloc       0%         N/A       65%         3
 Flame Wave               Conj/Fire      0%         2d4       96%         4
 Leda's Liquefaction      Hex/Erth       0%         N/A       96%         4


Dungeon Overview and Level Annotations

Branches:
Dungeon (3/15)

Altars:


Innate Abilities, Weirdness & Mutations

You are very small and have problems with some larger weapons.
You are too small for most types of armour.
You have supernaturally acute eyesight. (SInv)
You cover ground extremely quickly. (Speed+++)


Message History

The orc priest is lightly wounded.
The orc priest misses you.
You barely miss the orc priest.
The orc priest is lightly wounded.
The orc priest mumbles some strange prayers to Beogh against you.
Beogh smites you!
Ouch! That really hurt!
Throw: 3 darts (poison)
Press: ? - help, Q - select action, (/) - cycle Shift-Dir - straight line, f - orc priest
Aim: an orc priest, wielding a +0 whip and wearing a +0 scale mail (lightly wounded, 65% to hit)
You throw a poisoned dart. The poisoned dart hits the orc priest.
The orc priest is poisoned.
The orc priest is lightly wounded.
The orc priest hits you with a +0 whip.
Throw: 2 darts (poison)
Press: ? - help, Q - select action, (/) - cycle Shift-Dir - straight line, f/p - orc priest
Aim: an orc priest, wielding a +0 whip and wearing a +0 scale mail (moderately wounded, poisoned, 65% to hit)
You throw a poisoned dart.
The poisoned dart barely misses the orc priest.
The orc priest completely misses you.
You hit the orc priest but do no damage.
The orc priest is moderately wounded.
The orc priest mumbles some strange prayers to Beogh against you.
You struggle to resist.
You hit the orc priest but do no damage.
The orc priest is moderately wounded.
The orc priest hits you with a +0 whip.
* * * LOW HITPOINT WARNING * * *
You hit the orc priest.
The orc priest is heavily wounded.
The orc priest closely misses you.
Throw: dart (poison)
Press: ? - help, Q - select action, (/) - cycle Shift-Dir - straight line, f/p - orc priest
Aim: an orc priest, wielding a +0 whip and wearing a +0 scale mail (severely wounded, poisoned, 65% to hit)
You throw a poisoned dart. The poisoned dart hits the orc priest.
The orc priest looks even sicker.
The orc priest is severely wounded.
The orc priest calls down the wrath of Beogh upon you.
Beogh smites you!
You die...

..........
#...#(..#
#...#...#
##.......#
+........# ..
##.###.#.# ##.#
###.###.#.#
...#
#......o#.#
###..#
###..##@#.#
o....#
##)##...# #o..
#..#######o###
##(# #.....#
#g#####o#.#.#
#.o.(.o..<# ..
#......g.####.#
.# #..#.#...#
#.# .. #.
#..#..# ... ##


You could see an orc priest (very poisoned).

Vanquished Creatures
  Natasha (twice) (D:2)
  An adder (D:2)
  A worm (D:2)
  An orc (D:3)
  4 endoplasms
  A goblin (D:1)
  3 hobgoblins
  2 ball pythons
  A bat (D:2)
  2 frilled lizards (D:1)
  2 kobolds (D:2)
  2 rats
22 creatures vanquished.

Notes
Turn   | Place    | Note
-------+----------+-------------------------------------------
     0 | D:1      | styxcanada the Spriggan Brigand began the quest for the
                  | Orb.
     0 | D:1      | Reached XP level 1. HP: 10/10 MP: 2/2
     6 | D:1      | Noticed a swamp drake
     6 | D:1      | Noticed a redback
     6 | D:1      | Noticed a wolf
     7 | D:1      | Noticed a lindwurm
     7 | D:1      | Noticed an iguana
   376 | D:1      | Reached skill level 6 in Stealth
   545 | D:1      | Reached XP level 2. HP: 12/14 MP: 4/4
  1317 | D:2      | Noticed Natasha
  1362 | D:2      | Killed Natasha
  1363 | D:2      | Reached skill level 1 in Spellcasting
  1363 | D:2      | Reached XP level 3. HP: 13/18 MP: 5/5
  1366 | D:2      | Reached skill level 7 in Stealth
  1614 | D:2      | Noticed Natasha
  1629 | D:2      | Killed Natasha
  1630 | D:2      | Reached XP level 4. HP: 15/23 MP: 5/7
  1871 | D:3      | Killed from afar by an orc priest

Illustrated notes

Levels and vault maps discovered:
D:1:      onia_arrival_zoo_common, layout_basic
D:2:      layout_basic, uniq_natasha
D:3:      layout_basic, st_stairs_6

Skill      XL: |  1  2  3 |
---------------+----------+-----
Stealth        | 6 7 |  7.3
Spellcasting   | 1 |  1.4
Fighting       | |  1.9
Short Blades   | |  2.6
Throwing       | |  2.2
Dodging        | |  1.9

Action                   |  1- 3 |  4- 6 || total
-------------------------+-------+-------++-------
Melee: Dagger            |    46 |     8 ||    54
       Punch             |     1 |       ||     1
Throw: Dart              |    23 |     7 ||    30
 Stab: Sleeping          |     6 |     1 ||     7
Armor: Robe              |     6 |       ||     6
Dodge: Dodged            |    18 |     4 ||    22
